AoeStats
← wolololigma

Fortress

509514483Analyzed
4v4 RM · 4d ago on Sep 27, 2026· 145m 39s· 8 players
Game mode
Random Map
Map size
Huge
Population
200
Speed
Normal
Resources
Standard
Victory
Conquest
Starting age
Dark Age
Ending age
Imperial Age
RankedLock teamsTeams togetherTeam positionsShared explorationLock speedFull tech treeHidden civsTurbo modeCheats
Victory
Defeat
🇺🇸 Varangians · United States
1059
+17
🇺🇸 Teutons · United States
1056
+18
🇺🇸 Britons · United States
1036
+18
🇺🇸 Hindustanis · United States
1035
+18
🇺🇸 Jurchens · United States
1140
-19
🇺🇸 Danes · United States
1133
-19
🇺🇸 Britons · United States
1057
-17
🇺🇸 Ethiopians · United States
1030
-16
NITRO_OF_THE_OLD_DOMINION
7:32 Feudal Age
13:23 Castle Age
11:22 Double-Bit Axe
11:57 Horse Collar
17:22 Wheelbarrow
21:32 Hand Cart
22:58 Gold Mining
26:22 Imperial Age
24:37 Masonry
25:29 Scale Barding Armor
25:35 Forging
25:51 Bloodlines
26:20 Fortified Wall
26:14 Fletching
26:26 Cavalier
27:45 Ballistics
28:07 Chain Barding Armor
28:22 Bodkin Arrow
29:12 Conscription
30:07 Guard Tower
31:17 Chemistry
31:35 Paladin
33:50 Keep
35:16 Plate Barding Armor
35:17 Iron Casting
34:54 Capped Ram
36:39 Crenellations
38:12 Scale Mail Armor
38:38 Pikeman
39:18 Squires
40:04 Stone Mining
39:54 Halberdier
41:40 Blast Furnace
40:56 Chain Mail Armor
42:00 Loom
42:01 Town Watch
47:29 Hoardings
48:48 Plate Mail Armor
48:07 Arrowslits
55:19 Heavy Plow
55:31 Bow Saw
62:32 Ironclad
74:12 Elite Skirmisher
86:56 Padded Archer Armor
96:17 Elite Teutonic Knight
145:34 Spies/Treason
VadersSon2004
8:01 Feudal Age
10:33 Loom
13:06 Castle Age
11:44 Double-Bit Axe
11:43 Horse Collar
14:51 Bow Saw
15:43 Wheelbarrow
16:13 Heavy Plow
17:34 Gold Mining
18:16 Stone Mining
18:57 Town Watch
20:25 Stone Shaft Mining
25:57 Imperial Age
25:24 Bloodlines
25:14 Husbandry
25:35 Scale Barding Armor
25:41 Forging
26:42 Chain Barding Armor
27:20 Conscription
27:25 Hand Cart
26:38 Cavalier
27:43 Town Patrol
27:57 Fortified Wall
27:28 Treadmill Crane
28:20 Elite Jarl
30:29 Plate Barding Armor
30:30 Iron Casting
31:10 Caravan
30:49 Vendel Legacy
34:28 Blast Furnace
34:56 Crop Rotation
35:28 Two-Man Saw
40:47 Guilds
45:54 Ballistics
46:34 Chemistry
45:45 Masonry
45:42 Siege Engineers
46:20 Fletching
48:55 Arson
49:12 Squires
49:24 Elite Varangian Guard
49:50 Gambesons
53:05 Pikeman
56:55 Scale Mail Armor
56:51 Bodkin Arrow
60:00 Chain Mail Armor
62:21 Plate Mail Armor
61:15 Gothikon
62:49 Capped Ram
63:19 Halberdier
63:59 Siege Ram
76:28 Onager
78:58 Architecture
78:24 Murder Holes
101:25 Coinage
105:22 Guard Tower
120:16 Banking
122:19 Bracer
Southern Knight
8:11 Feudal Age
9:31 Double-Bit Axe
12:18 Castle Age
11:26 Horse Collar
15:04 Heavy Plow
20:43 Bow Saw
22:09 Wheelbarrow
21:35 Loom
21:58 Gold Mining
23:51 Gold Shaft Mining
23:25 Grand Trunk Road
24:05 Caravan
28:04 Imperial Age
26:52 Fortified Wall
27:40 Padded Archer Armor
29:48 Chemistry
28:49 Shatagni
29:12 Conscription
29:30 Leather Archer Armor
32:24 Ballistics
32:37 Ring Archer Armor
31:58 Fletching
32:16 Stone Mining
35:57 Masonry
36:50 Two-Man Saw
36:33 Forging
41:11 Hand Cart
40:42 Town Watch
41:21 Bodkin Arrow
41:32 Scale Barding Armor
42:28 Conscription
42:22 Bloodlines
44:16 Thumb Ring
43:31 Elite Skirmisher
44:14 Bracer
45:50 Light Cavalry
46:31 Husbandry
48:06 Stone Shaft Mining
47:45 Hussar
51:08 Chain Barding Armor
53:30 Plate Barding Armor
53:31 Iron Casting
52:58 Scale Mail Armor
53:35 Hoardings
52:34 Heavy Camel Rider
56:28 Imperial Camel Rider
63:46 Coinage
66:26 Banking
69:46 Blast Furnace
69:01 Chain Mail Armor
77:55 Siege Elephant
97:59 Town Patrol
112:10 Pikeman
112:51 Squires
112:36 Arson
ITHero1
5:12 Loom
8:26 Feudal Age
13:02 Castle Age
11:50 Horse Collar
11:59 Double-Bit Axe
12:22 Fletching
13:08 Gold Mining
14:55 Bow Saw
18:01 Fervor
20:51 Wheelbarrow
22:17 Town Watch
25:05 Gold Shaft Mining
25:25 Bodkin Arrow
28:37 Hand Cart
28:46 Yeomen
33:01 Imperial Age
30:20 Elite Skirmisher
32:01 Squires
33:16 Gambesons
32:52 Man-at-Arms
34:40 Conscription
33:55 Long Swordsman
34:49 Forging
34:40 Scale Mail Armor
35:21 Bracer
35:21 Padded Archer Armor
35:26 Stone Mining
35:21 Two-Handed Swordsman
39:09 Champion
41:21 Ballistics
42:02 Chemistry
47:36 Iron Casting
47:17 Chain Mail Armor
47:18 Leather Archer Armor
48:31 Hoardings
47:41 Treadmill Crane
48:58 Elite Longbowman
51:38 Murder Holes
54:46 Two-Man Saw
55:16 Arson
63:21 Ring Archer Armor
64:36 Capped Ram
66:16 Siege Engineers
66:22 Masonry
70:51 Guilds
74:57 Pikeman
77:42 Architecture
78:57 Plate Mail Armor
79:28 Blast Furnace
85:11 Block Printing
92:32 Halberdier
109:05 Scale Barding Armor
109:09 Husbandry
108:37 Light Cavalry
111:12 Chain Barding Armor
146:19 Plate Barding Armor
StickyFingers69
2:38 Loom
8:16 Feudal Age
15:27 Castle Age
13:30 Man-at-Arms
14:41 Double-Bit Axe
14:47 Horse Collar
15:02 Gold Mining
15:05 Stone Mining
18:00 Bow Saw
20:53 Wheelbarrow
22:27 Town Watch
27:17 Imperial Age
27:09 Gold Shaft Mining
26:50 Heavy Plow
27:05 Fletching
27:39 Ballistics
28:21 Padded Archer Armor
30:00 Conscription
29:52 Bodkin Arrow
30:31 Fortified Wall
30:16 Murder Holes
30:51 Hand Cart
35:40 Chemistry
35:44 Town Patrol
38:43 Leather Archer Armor
38:29 Bracer
40:02 Elite Longbowman
43:39 Ring Archer Armor
55:12 Pikeman
55:53 Squires
58:25 Caravan
61:28 Cavalier
62:08 Husbandry
62:18 Scale Barding Armor
62:24 Forging
63:29 Chain Barding Armor
64:09 Hoardings
68:04 Two-Man Saw
69:40 Light Cavalry
76:09 Elite Skirmisher
80:49 Iron Casting
96:53 Two-Man Saw
104:31 Halberdier
109:37 Scale Mail Armor
110:38 Blast Furnace
122:44 Murder Holes
124:26 Crossbowman
124:40 Crossbowman
125:39 Arbalester
FrenchFryd
7:24 Feudal Age
12:14 Castle Age
10:24 Double-Bit Axe
11:08 Horse Collar
17:06 Wheelbarrow
19:15 Atonement
19:28 Fervor
19:44 Heavy Plow
19:40 Loom
22:25 Hand Cart
28:12 Imperial Age
26:59 Gold Mining
27:00 Stone Mining
27:40 Bloodlines
27:44 Forging
27:40 Scale Barding Armor
28:12 Scale Barding Armor
28:09 Husbandry
30:23 Thunderclap Bombs
30:36 Conscription
30:58 Gold Shaft Mining
30:58 Stone Shaft Mining
30:17 Elite Iron Pagoda
31:36 Iron Casting
31:43 Chain Barding Armor
33:55 Blast Furnace
33:51 Town Watch
34:11 Caravan
35:08 Bow Saw
35:34 Crop Rotation
37:43 Careening
36:59 Pikeman
36:59 Elite Fire Lancer
38:39 Halberdier
39:24 Squires
39:10 Arson
39:30 Scale Mail Armor
39:03 Heavy Rocket Cart
40:16 Fortified Bastions
41:03 Siege Engineers
41:19 Ballistics
41:45 Plate Barding Armor
41:25 Chain Mail Armor
41:28 Masonry
42:56 Two-Man Saw
43:29 Architecture
44:01 Chemistry
43:33 Architecture
44:22 Murder Holes
45:59 Fletching
46:09 Padded Archer Armor
46:26 Fortified Wall
49:09 Hoardings
52:57 Bodkin Arrow
53:40 Hoardings
53:03 Treadmill Crane
60:17 Thunderclap Bombs
60:51 Leather Archer Armor
60:36 Bracer
72:00 Arson
76:07 Ring Archer Armor
83:43 Herbal Medicine
97:36 Elite Skirmisher
112:03 Light Cavalry
116:17 Hussar
wolololigma
2:47 Loom
5:57 Feudal Age
7:20 Double-Bit Axe
8:55 Horse Collar
14:14 Castle Age
12:31 Gold Mining
12:36 Stone Mining
18:06 Wheelbarrow
24:52 Imperial Age
24:32 Forging
24:22 Scale Mail Armor
24:14 Fletching
24:24 Padded Archer Armor
25:10 Bow Saw
25:10 Heavy Plow
26:48 Hand Cart
27:07 Conscription
27:15 Caravan
28:04 Squires
27:49 Arson
29:34 Fortified Wall
29:22 Murder Holes
29:48 Ballistics
30:36 Onager
33:06 Iron Casting
32:47 Chain Mail Armor
33:31 Royal Heirs
34:06 Elite Shotel Warrior
39:24 Halberdier
41:11 Chemistry
42:23 Blast Furnace
41:38 Chain Mail Armor
48:11 Crossbowman
49:42 Thumb Ring
49:29 Arbalester
62:48 Siege Engineers
120:50 Capped Ram
129:32 Elite Skirmisher
Squatch360
7:01 Feudal Age
10:38 Castle Age
8:41 Double-Bit Axe
8:58 Horse Collar
11:42 Bow Saw
15:05 Loom
19:51 Wheelbarrow
23:38 Imperial Age
23:03 Hand Cart
23:15 Scale Mail Armor
23:26 Forging
24:35 Chain Mail Armor
24:25 Heavy Plow
24:35 Squires
24:22 Gambesons
25:02 Conscription
25:33 Caravan
26:28 Plate Mail Armor
27:09 Iron Casting
28:17 Siege Engineers
29:13 Chemistry
29:37 Blast Furnace
28:26 Arson
29:50 Hamask
31:48 Onager
31:50 Capped Ram
31:53 Elite Jomsviking
35:20 Fletching
36:27 Ballistics
36:18 Masonry
38:49 Hoardings
37:41 Northmen's Fury
39:15 Bodkin Arrow
38:50 Siege Onager
40:58 Siege Ram
46:51 Bloodlines
46:41 Husbandry
47:11 Light Cavalry
48:33 Scale Barding Armor
48:29 Bracer
51:11 Elite Skirmisher
51:57 Thumb Ring
53:07 Chain Barding Armor
53:39 Pikeman
53:40 Elite Varangian Guard
66:36 Halberdier
69:17 Murder Holes
69:13 Guard Tower
113:28 Plate Barding Armor
Connection lost

Rejoining the realm…

Still unreachable

The connection could not be restored.

Session expired

The server has moved on; the page needs a fresh start.